 Dungeon Crawl Stone Soup version 0.30.0-17-ge0270778cf (webtiles) character file.

Game seed: 12808634345363088603

26 MacCMillion the Shield-Bearer (level 2, -1/26 HPs)
             Began as an Armataur Fighter on May 22, 2023.
             Succumbed to an adder's poison
             ... on level 1 of the Dungeon.
             The game lasted 00:01:23 (814 turns).

MacCMillion the Shield-Bearer (Armataur Fighter)     Turns: 814, Time: 00:01:24

Health: -1/26      AC:  7    Str: 21    XL:     2   Next: 89%
Magic:  2/2        EV:  7    Int:  8    God:
Gold:   59         SH:  4    Dex:  9    Spells: 1/1 levels left

rFire   . . .        a - +0 flail
rCold   . . .        c - +0 buckler
rNeg    . . .        b - +0 scale mail
rPois   .            (no helmet)
rElec   .            (no cloak)
rCorr   .            (no gloves)
SInv    .            (no barding)
Will    .....        (no amulet) Stlth
                     (no ring)
HPRegen 0.24/turn    (no ring)
MPRegen 0.08/turn

%: roll
@: lethally poisoned (-1 -> -7)
A: large, rugged brown scales 3, deformed body, armoured tail, roll, long
tongue, awkward tongue
a: no special abilities


You were on level 1 of the Dungeon.
You visited 1 branch of the dungeon, and saw 2 of its levels.

You collected 59 gold pieces.

Inventory:

Hand Weapons
 a - a +0 flail (weapon)
Armour
 b - a +0 scale mail (worn)
 c - a +0 buckler (worn)
Scrolls
 e - a scroll of fog {unknown}
 f - a scroll of vulnerability {unknown}
Potions
 d - a potion of might


   Skills:
 - Level 2.6 Fighting
 + Level 2.5 Maces & Flails
 - Level 3.7 Armour
 - Level 4.0 Shields


You had one spell level left.
You didn't know any spells.
Your spell library was empty.

Dungeon Overview and Level Annotations

Branches:
Dungeon (2/15)

Altars:

Annotations:
D:2 Sigmund


Innate Abilities, Weirdness & Mutations

You are completely covered in rugged brown scales. (AC +3, +7% HP)
Armour fits poorly on your strangely shaped body.
You have a long armoured tail.
You roll when moving toward enemies. (Rampage)
Your long tongue fully drains potion bottles. (2x potion effects)
Your tongue gives you trouble enunciating. (1.5x scroll delay)


Message History

The adder bites you.
You are poisoned.
The adder poisons you! The endoplasm freezes you.
You are frozen.
You block the ball python's attack. The adder bites you but does no damage.
You closely miss the adder.
The adder is moderately wounded.
You feel sick. The endoplasm freezes you.
You are frozen.
The ball python barely misses you. The adder bites you but does no damage.
The endoplasm freezes you.
You are frozen.
The ball python barely misses you.
You are too injured to fight recklessly!
You are too injured to fight recklessly!
You are too injured to fight recklessly!
Unknown command.
You hit the adder.
The adder is heavily wounded.
You feel sick. You block the adder's attack. The ball python bites you.
The adder bites you but does no damage.
The endoplasm hits you but does no damage.
You barely miss the adder.
Your tail-slap misses the adder.
The adder is heavily wounded.
You feel sick.
You are no longer poisoned.
The ball python closely misses you. The adder bites you but does no damage.
The endoplasm freezes you.
You are frozen.
* * * LOW HITPOINT WARNING * * *
The ball python bites you.
* * * LOW HITPOINT WARNING * * *
The adder bites you.
* * * LOW HITPOINT WARNING * * *
You are lethally poisoned!
The adder poisons you!
You sock the adder!
You kill the adder!
You die...

♣♣~ .. ♣♣
#####. ♣♣
......
♣♣P
......#
♣8~
.......
♣♣P
.......
♣♣
.......##
♣♣
......S@#
♣♣~
......†J#
♣8~
........#
♣♣P
........+
♣♣
........#
........#
........#
........#


You could see an endoplasm and a ball python.

Vanquished Creatures
  2 adders (D:1)
  4 goblins (D:2)
  A hobgoblin (D:2)
  2 jackals (D:2)
  2 quokkas (D:1)
  A ball python (D:1)
  2 bats
  A frilled lizard (D:1)
  A kobold (D:1)
  A rat (D:2)
17 creatures vanquished.

Notes
Turn   | Place    | Note
-------+----------+-------------------------------------------
     0 | D:1      | MacCMillion the Armataur Fighter began the quest for the
                  | Orb.
     0 | D:1      | Reached XP level 1. HP: 19/19 MP: 1/1
   214 | D:1      | Found a faded altar of an unknown god.
   501 | D:1      | Reached XP level 2. HP: 13/26 MP: 2/2
   508 | D:1      | HP: 1/26 [ball python (2)]
   792 | D:2      | Noticed Sigmund
   793 | D:2      | Reached skill level 4 in Shields
   814 | D:1      | Succumbed to an adder's poison

Illustrated notes

Levels and vault maps discovered:
D:1:      psy_arrival_wood_between_worlds, layout_basic,
          shapermc_ecumenical_altar_flowoftime
D:2:      layout_rooms, chequers_serial_rivers_micro_a, eino_curves_04,
          uniq_sigmund

Skill      XL: |  1  2 |
---------------+-------+-----
Maces & Flails | 2 |  2.5
Shields        | 4 |  4.0
Fighting       | |  2.6
Armour         | |  3.7

Action                     || total
---------------------------++-------
  Melee: Flail             ||    50
         Tailslap          ||     2
 Armour: Scale mail        ||    36
  Dodge: Dodged            ||    24
  Block: Buckler           ||    15
